 Dungeon Crawl Stone Soup version 0.19.1 (webtiles) character file.

105 RedPan the Vexing (level 4, -13/30 HPs)
             Began as a Vampire Enchanter on Dec 25, 2016.
             Mangled by an ogre
             ... wielding a +0 giant spiked club
              (17 damage)
             ... on level 4 of the Dungeon.
             The game lasted 00:07:22 (3206 turns).

RedPan the Vexing (Vampire Enchanter)               Turns: 3206, Time: 00:07:23

Health: -13/30     AC:  5    Str:  7    XL:     4   Next: 54%
Magic:  1/7        EV: 12    Int: 18    God:
Gold:   227        SH:  0    Dex: 14    Spells: 2 memorised, 4 levels left

rFire  . . .     SeeInvis +     a - +2 dagger
rCold  + + .     Gourm    .     m - +2 robe {MR+}
rNeg   + + +     Faith    .     (no shield)
rPois  ∞         Spirit   .     l - +0 helmet
rElec  .         Reflect  .     (no cloak)
rCorr  .         Harm     .     (no gloves)
MR     +....                    (no boots)
Stlth  +++++.....               (no amulet)
                                (no ring)
                                i - ring of flight

@: very slightly contaminated, bloodless, non-regenerating
A: fangs 3, see invisible, unbreathing
a: Bat Form, Evoke Flight


You were on level 4 of the Dungeon.
You were bloodless.

You visited 1 branch of the dungeon, and saw 4 of its levels.

You collected 227 gold pieces.

Inventory:

Hand Weapons
 a - a +2 dagger (weapon)
Armour
 l - a +0 helmet (worn)
 m - a +2 robe of magic resistance (worn)
Jewellery
 i - a ring of flight (left hand)
Wands
 r - a wand of paralysis (16/24)
Scrolls
 b - a scroll of blinking
 e - 2 scrolls of enchant weapon
 h - 3 scrolls of identify
Potions
 d - 17 potions of blood
 f - a potion of agility
 g - a potion of heal wounds {unknown}
 j - a potion of lignification {unknown}
 k - a potion of degeneration {unknown}
 n - a potion of haste {unknown}
 q - a potion of resistance {unknown}
Books
 c - a book of Maledictions

   Spells                             Type                      Level
   a - Corona                         Hexes                        1
   b - Ensorcelled Hibernation        Hexes/Ice                    2
   c - Confuse                        Hexes                        3
   d - Tukima's Dance                 Hexes                        3
   e - Dazzling Spray                 Conjuration/Hexes            3


   Skills:
 + Level 1.5 Short Blades
 - Level 2.1 Dodging
 + Level 4.8 Stealth
 - Level 2.0 Spellcasting
 - Level 7.4 Hexes


You had 4 spell levels left.
You knew the following spells:

 Your Spells              Type           Power        Failure   Level  Hunger
a - Corona                Hex            ####...      1%          1    #......
b - Ensorcelled Hibernat  Hex/Ice        ###...       8%          2    ###....


Dungeon Overview and Level Annotations

Branches:
Dungeon (4/15)
 Temple: D:4-7

Altars:
Dithmenos
Fedhas
Okawaru
Qazlal
Yredelemnul
The Shining One


Innate Abilities, Weirdness & Mutations

You do not heal naturally.
You are immune to poison.
You have razor-sharp teeth.
You have supernaturally acute eyesight. (SInv)
You can survive without breathing.


Message History

The ogre resists with some effort.
The ogre hits you with a giant spiked club!
Casting: Ensorcelled Hibernation
Confirm with . or Enter, or press ? or * to list all spells.
Aiming: Ensorcelled Hibernation
Press: ? - help, Shift-Dir - straight line, f/p - ogre
Aim: an ogre, wielding a giant spiked club (chance to defeat MR: 46%)
The ogre looks drowsy...
The helpless ogre fails to defend itself.
You bite the ogre, and draw its blood!
You feel better.
You feel slightly less thirsty.
You impale the ogre!! You bite the ogre.
The ogre is severely wounded.
The ogre hits you with a giant spiked club!!
Ouch! That really hurt!
* * * LOW HITPOINT WARNING * * *
You hit the ogre.
The ogre is almost dead.
The ogre hits you with a giant spiked club!
Ouch! That really hurt!
You die...

#......##.....#
#.............# ...#
#.............# ...#
#.............# ...+
#......##.....# ...#
#......##.....# ...#
#......##..<..##...#
#.......#..........#
#.......#......@O..#
#......
+..............
#..............
#..............
#..........$....
+...............
#...............
##..........##+#


You could see an ogre.

Vanquished Creatures
  Ijyb (D:2)
  An adder (D:2)
  An ooze (D:3)
  3 worms
  A dart slug (D:2)
  A leopard gecko (D:3)
  2 giant cockroaches (D:1)
  5 hobgoblins
  4 jackals (D:2)
  4 kobolds
  A quokka (D:2)
  7 bats
  2 frilled lizards (D:3)
  15 goblins
  4 rats
52 creatures vanquished.

Notes
Turn   | Place    | Note
-------+----------+-------------------------------------------
     0 | D:1      | RedPan the Vampire Enchanter began the quest for the Orb.
     0 | D:1      | Reached XP level 1. HP: 13/13 MP: 3/3
   243 | D:1      | Reached skill level 5 in Hexes
   298 | D:1      | Reached XP level 2. HP: 10/19 MP: 5/5
   302 | D:1      | Learned a level 2 spell: Ensorcelled Hibernation
   871 | D:2      | Found a glowing golden altar of the Shining One.
   926 | D:2      | Reached skill level 6 in Hexes
   926 | D:2      | Reached XP level 3. HP: 24/24 MP: 3/6
  1042 | D:2      | HP: 1/24 [hobgoblin (3)]
  1370 | D:2      | Found a basalt altar of Yredelemnul.
  1690 | D:2      | Found a blossoming altar of Fedhas.
  2275 | D:2      | Noticed Ijyb
  2306 | D:2      | Killed Ijyb
  2306 | D:2      | Reached skill level 7 in Hexes
  2306 | D:2      | Reached XP level 4. HP: 30/30 MP: 1/7
  3143 | D:3      | Found a stormy altar of Qazlal.
  3143 | D:3      | Found a shadowy altar of Dithmenos.
  3144 | D:3      | Found an iron altar of Okawaru.
  3199 | D:4      | Noticed an ogre
  3206 | D:4      | Mangled by an ogre

Skill      XL: |  1  2  3 |
---------------+----------+-----
Hexes          | 5 6 7 |  7.4
Short Blades   | |  1.5
Dodging        | |  2.1
Stealth        | |  4.8
Spellcasting   | |  2.0

Action                   |  1- 3 |  4- 6 || total
-------------------------+-------+-------++-------
Melee: Dagger            |   148 |    31 ||   179
       Bite              |    10 |     1 ||    11
 Cast: Ensorcelled Hiber |    10 |     6 ||    16
  Use: Potion            |     3 |       ||     3
       Scroll            |       |     5 ||     5
 Stab: Sleeping          |    10 |     9 ||    19
Armor: Robe              |    47 |     2 ||    49
Dodge: Dodged            |    95 |     8 ||   103
